 Dungeon Crawl Stone Soup version 0.29-a0-338-g1ff7896281 (webtiles) character file.

Game seed: 18287764996264269892

28 ObtusePanda the Covered (level 3, -1/29 HPs)
             Began as a Human Fighter on Apr 18, 2022.
             Slain by an adder (2 damage)
             ... on level 2 of the Dungeon.
             The game lasted 00:04:23 (1310 turns).

ObtusePanda the Covered (Human Fighter)             Turns: 1310, Time: 00:04:24

Health: -1/29      AC:  6    Str: 18    XL:     3   Next: 30%
Magic:  3/3        EV:  6    Int: 10    God:
Gold:   9          SH:  4    Dex: 12    Spells: 2/2 levels left

rFire   . . .      SeeInvis .   a - +0 rapier
rCold   . . .      Faith    .   c - +0 buckler
rNeg    . . .      Spirit   .   b - +0 scale mail
rPois   .          Reflect  .   (no helmet)
rElec   .          Harm     .   (no cloak)
rCorr   .          Rampage  .   (no gloves)
Will    .....                   (no boots)
Stlth   ..........              (no amulet)
HPRegen 0.09/turn               (no ring)
MPRegen 0.08/turn               (no ring)

@: mighty, lethally poisoned (-1 -> -4), constricted
A: clever 1
a: no special abilities


You were on level 2 of the Dungeon.
You visited 1 branch of the dungeon, and saw 2 of its levels.

You collected 9 gold pieces.

Inventory:

Hand Weapons
 a - a +0 rapier (weapon)
Armour
 b - a +0 scale mail (worn)
 c - a +0 buckler (worn)
Jewellery
 i - a +6 ring of strength
Scrolls
 e - a scroll of enchant weapon {unknown}
 f - a scroll of teleportation {unknown}
Potions
 d - a potion of might
 g - a potion of magic {unknown}
 h - a potion of mutation
 j - a potion of lignification {unknown}
 k - a potion of resistance {unknown}


   Skills:
 + Level 3.3 Fighting
 + Level 2.4 Short Blades
 + Level 3.3 Armour
 + Level 3.3 Shields


You had 2 spell levels left.
You didn't know any spells.
Your spell library was empty.

Dungeon Overview and Level Annotations

Branches:
Dungeon (2/15)

Altars:

Shops:
D:1 :*!([


Innate Abilities, Weirdness & Mutations

Your mind is acute. (Int +2)


Message History

You barely miss the rat. You block the rat's attack.
The adder barely misses you.
You barely miss the adder. The rat barely misses you.
The adder bites you but does no damage.
You miss the adder. The adder bites you but does no damage.
The rat completely misses you.
You barely miss the adder. The adder bites you but does no damage.
The rat bites you but does no damage. You block the adder's attack.
The ball python closely misses you. The ball python barely misses you.
The ball python attacks as you move away!
The ball python bites you. The adder barely misses you.
You block the adder's attack.
You puncture the adder!
The adder is severely wounded.
The rat closely misses you. The adder barely misses you. The rat bites you.
The goblin hits you with a +0 club.
You miss the adder.
The adder is severely wounded.
The adder bites you.
You are poisoned.
The adder poisons you! The adder barely misses you.
The goblin hits you with a +0 club. The rat closely misses you.
You feel very mighty all of a sudden.
You feel sick. The goblin closely misses you. The rat barely misses you.
It was a potion of mutation.
You feel extremely strange.
You feel clever.
You feel sick. The adder barely misses you. The goblin hits you with a +0 club.
The rat closely misses you. The ball python closely misses you.
The ball python grabs you. The ball python constricts you.
You closely miss the adder.
The adder is severely wounded.
You feel sick. The adder bites you but does no damage.
You block the ball python's attack. The ball python constricts you.
* * * LOW HITPOINT WARNING * * *
The goblin hits you with a +0 club.
* * * LOW HITPOINT WARNING * * *
The rat bites you.
* * * LOW HITPOINT WARNING * * *
The adder bites you.
You die...

#..>....................#.##..
##...^.....#.....###.......#.##
#....#######.....#..........<..
#....'.####......#.####...#.#..
###....#...#.........#####.......
.......##....######.............#
.......##...## #.#######...#.#
.......##...#######........#..###
.......##...##.S@..........#...
....#####...##.gSr............. .
....# #...##............. ..
....# #...##.........#### ....#
..................
.............#### ...............
................ ................


You could see an adder, a goblin, a ball python and a rat.

Vanquished Creatures
  A dart slug (D:2)
  6 endoplasms
  A giant cockroach (D:2)
  A goblin (D:1)
  5 hobgoblins
  3 ball pythons
  2 bats
  A kobold (D:1)
  4 rats
24 creatures vanquished.

Notes
Turn   | Place    | Note
-------+----------+-------------------------------------------
     0 | D:1      | ObtusePanda the Human Fighter began the quest for the Orb.
     0 | D:1      | Reached XP level 1. HP: 18/18 MP: 1/1
    12 | D:1      | Found Kinlupot's Distillery.
    63 | D:1      | Found Jirris Ziec's Assorted Antiques.
   178 | D:1      | Found Loragozxoi's Armour Shoppe.
   287 | D:1      | Reached XP level 2. HP: 24/24 MP: 2/2
   294 | D:1      | Found Gyhum's Weapon Emporium.
   359 | D:1      | Found a faded altar of an unknown god.
   509 | D:1      | Found Poihal's Book Emporium.
  1141 | D:2      | Reached XP level 3. HP: 27/29 MP: 3/3
  1309 | D:2      | Gained mutation: Your mind is acute. (Int +2) [potion of
                  | mutation]
  1310 | D:2      | HP: 1/29 [rat (3)]
  1310 | D:2      | Slain by an adder

Illustrated notes

Levels and vault maps discovered:
D:1:      roderic_crossed_star, layout_loops_corners,
          shapermc_ecumenical_altar_totnotflames, serial_shops,
          nicolae_shop_trees, nicolae_shop_hallway_stairs, nicolae_shop_stone,
          shop_statue, nicolae_shop_hallway_stairs
D:2:      minmay_angry_zag, layout_basic, uniq_sigmund

Action                   || total
-------------------------++-------
Melee: Rapier            ||    68
  Use: Potion            ||     2
Armor: Scale mail        ||    34
Dodge: Dodged            ||    39
Block: Buckler           ||    18

Table legend: (Time is in decaauts)
 A = Elapsed time spent in this place.
 B = Non-inter-level travel time spent in this place.
 C = Inter-level travel time spent in this place.
 D = Time resting spent in this place.
 E = Time spent auto-exploring this place.
 F = Levels seen in this place.
 G = Mean time per level.
                   A        B        C        D        E       F      G
               +--------+--------+--------+--------+--------+-----+--------+
         Total |   1319 |   1266 |     53 |      0 |    928 |   2 |  659.5 |
       Dungeon |   1319 |   1266 |     53 |      0 |    928 |   2 |  659.5 |
               +--------+--------+--------+--------+--------+-----+--------+

Top non-repeatable levels by time:
     D:1: 924 daAuts
     D:2: 395 daAuts
